Aethelfleda, chaotic female elven Priestess --- |<..--- ------- |.....--- |.....| -..|....| |..)..| -.|-..... |.....| ...... ---.--- .|.... |[| ---..| |.| |..|. -(-- -.... G ...----- ..... ......C-- ---... --- --G(..@. --- |... ..| .|.)---... ..... ..-- ..| .[..| ..s| ....... ....-.---|-----..- .s... ...{... --............... ..`.u. ...... --+--.--------- ......@ ..... |[|.((`| ..M...- ..-- |.-.(.(| -.@.--- --|).((| ------ Aethelfleda the Acolyte Experience level: 5 Strength: 14 Dexterity: 14 Constitution: 13 Intelligence: 8 Wisdom: 18 Charisma: 10 Health: 0(34) Energy: 83(83) Def: 8 Gold: 495 Moves: 2548 Dungeon seed: SJidTgMQgfBaeRwc Game ID: Aethelfleda_1528814298 Your Inventory: Coins $ - 495 gold pieces Amulets k - an uncursed amulet versus poison (being worn) r - an uncursed amulet of ESP Weapons a - a blessed +1 mace (weapon in hand) K - a blessed +0 dagger Armor e - an uncursed +0 robe (being worn) n - an uncursed +0 small shield (being worn) y - an uncursed +2 orcish helm (being worn) N - an uncursed +0 pair of iron shoes (being worn) Comestibles c - an uncursed clove of garlic d - an uncursed sprig of wolfsbane i - an uncursed tripe ration p - 2 uncursed food rations t - an uncursed apple Rings J - an uncursed ring of stealth Q - a cursed ring of aggravate monster Wands m - an uncursed wand of undead turning (0:6) G - an uncursed wand of sleep (0:4) Tools h - an uncursed wooden harp w - an uncursed oilskin sack x - an uncursed towel C - 6 uncursed partly used tallow candles (0:182) H - an uncursed wax candle (0:400) M - an uncursed oil lamp (0:1286) O - 6 uncursed tallow candles (0:200) P - an uncursed skeleton key Contents of the oilskin sack: an uncursed scroll of amnesia an uncursed scroll of confuse monster an uncursed scroll of gold detection an uncursed scroll of identify an uncursed scroll of light an uncursed scroll of punishment a blessed scroll of teleportation an uncursed spellbook of detect food an uncursed spellbook of healing an uncursed potion of healing 5 potions of holy water an uncursed potion of invisibility an uncursed potion of object detection a blessed potion of speed Spells and supernatural/magical abilities: Name Level Category Fail Memory h - healing 1 healing 0% 88% E - detect food 2 divination 53% 88% W - pray for help -- divine ? -- X - turn undead -- divine ? -- Your skills at the end: Fighting Skills Weapon Skills mace [Basic] Spellcasting Skills clerical spells [Basic] Final Attributes: You were piously aligned. You were sleep resistant. You were poison resistant. You had infravision. You are dead. Vanquished creatures: a housecat a rock piercer a violet fungus 2 gnome lords 2 gnomish wizards 5 dwarves an acid blob 3 coyotes a hobbit 2 giant rats a cave spider a yellow mold a red mold 15 gnomes 2 geckos 9 jackals a fox 4 goblins 2 grid bugs 6 lichens 2 kobold zombies 2 newts 65 creatures vanquished. Voluntary challenges: You had followed a strict vegan diet until turn 2521. You had followed a strict vegetarian diet until turn 2521. You had been an atheist until turn 2537. You used a wielded weapon 80 times, starting on turn 32. You were illiterate. You never genocided any monsters. You never polymorphed an object. You never changed form. You used no wishes. You never split a pudding. You never wrote Elbereth's name. You violated your moral code, losing 3 points of alignment, starting on turn 2141. Dungeon overview: The Dungeons of Doom: levels 1 to 4 Level 1 an altar to Thoth, some fountains a long staircase Level 2 Level 3 an altar to Anhur, a fountain Level 4 stairs to The Gnomish Mines The Gnomish Mines: levels 5 to 7 Level 5 stairs to The Dungeons of Doom Level 6 Level 7 <- You were here a lighting shop, a temple to Anhur, a fountain History has recorded: On T:1 you entered the Dungeons of Doom to retrieve the Amulet of Yendor! On T:422 you reached level 2 of The Dungeons of Doom. On T:652 you reached level 3 of The Dungeons of Doom. On T:692 you advanced to experience level 2. On T:1127 you reached level 4 of The Dungeons of Doom. On T:1337 you advanced to experience level 3. On T:1821 you reached level 1 of The Gnomish Mines. On T:1889 you advanced to experience level 4. On T:1900 you reached level 2 of The Gnomish Mines. On T:2087 you advanced to experience level 5. On T:2302 you reached level 3 of The Gnomish Mines. Score breakdown: Gold: 495 ( 9169 points) Experience: 5 levels (11141 points) Exploration: 7 levels ( 14.89%) (10834 points) Discoveries: 6 items ( 2.10%) ( 4345 points) Valuables value: (no points given unless you survive) Artifact value: 0 ( 0 points) Variety of kills: 22 monsters ( 5.77%) ( 7208 points) Turncount: 2548 turns ( -358 points) Survival: died (score multiplied by 80%) Total score: 33871 Latest messages: The gnome lord starts to attack you, but pulls back. You feel that Anhur is well-pleased. You feel much better. You see here 2 uncursed tallow candles. The gnome lord swings his bow. The gnome lord hits! The plains centaur hits! The plains centaur misses. The plains centaur hits! The plains centaur kicks! You are beginning to feel hungry. You hit the plains centaur. The plains centaur hits! The plains centaur kicks! The plains centaur hits! The plains centaur kicks! You hit the plains centaur! The plains centaur hits! The plains centaur misses. The plains centaur hits! The plains centaur kicks! You die... Final status: Goodbye Aethelfleda the Priestess, killed by a plains centaur... You died in The Gnomish Mines on dungeon level 7 with 33871 points, and 495 pieces of gold, after 2548 moves. You were level 5 with a maximum of 34 hit points when you died.